 Dungeon Crawl Stone Soup version 0.26-a0-667-g92642533e4 (webtiles) character file.

Game seed: 18076680101006073653

178 somkeydreadnuts the Shield-Bearer (level 5, -6/49 HPs)
             Began as a Deep Dwarf Fighter on Oct 18, 2020.
             Mangled by an ogre
             ... wielding a +0 giant spiked club
              (9 damage)
             ... on level 4 of the Dungeon.
             The game lasted 00:06:35 (2051 turns).

somkeydreadnuts the Shield-Bearer (DDFi)            Turns: 2051, Time: 00:06:35

Health: -6/49      AC:  7    Str: 20    XL:     5   Next: 32%
Magic:  5/5        EV:  7    Int:  9    God:
Gold:   143        SH:  9    Dex: 12    Spells: 4/4 levels left

rFire    . . .     SeeInvis .   a - +0 war axe
rCold    . . .     Faith    .   c - +0 kite shield
rNeg     . . .     Spirit   .   b - +0 scale mail
rPois    .         Reflect  .   (no helmet)
rElec    .         Harm     .   (no cloak)
rCorr    .         Rampage  .   (no gloves)
MR       .....                  r - +0 pair of boots
Stlth    ..........             (no amulet)
HPRegen  0.00/turn              (no ring)
MPRegen  0.09/turn              (no ring)

@: non-regenerating, heavily drained
A: damage resistance, heal wounds, sense surroundings 1, no regeneration
a: Heal Wounds


You were on level 4 of the Dungeon.
You visited 1 branch of the dungeon, and saw 4 of its levels.

You collected 143 gold pieces.

Inventory:

Hand Weapons
 a - a +0 war axe (weapon)
Armour
 b - a +0 scale mail (worn)
 c - a +0 kite shield (worn)
 r - a +0 pair of boots (worn)
Jewellery
 q - a +6 ring of strength {unknown}
Scrolls
 e - 2 scrolls of identify {unknown}
 g - 2 scrolls of remove curse {unknown}
 h - a scroll of enchant weapon {unknown}
 k - 2 scrolls of enchant armour {unknown}
 l - a scroll of fog {unknown}
 m - a scroll of magic mapping {unknown}
 o - a scroll of teleportation {unknown}
 p - a scroll of random uselessness {unknown}
Potions
 d - a potion of might
 f - a potion of heal wounds {unknown}
 i - a potion of degeneration {unknown}
 j - a potion of flight {unknown}
 n - a potion of brilliance {unknown}


   Skills:
 - Level 3.3(1.6) Fighting
 - Level 3.3(1.6) Axes
 + Level 4.5(2.7) Armour
 - Level 0.2(0.0) Dodging
 + Level 4.6(2.9) Shields


You had 4 spell levels left.
You didn't know any spells.
Your spell library was empty.

Dungeon Overview and Level Annotations

Branches:
Dungeon (4/15)
 Temple: D:4-7

Altars:
Cheibriados
Elyvilon
Zin
The Shining One


Innate Abilities, Weirdness & Mutations

You are resistant to damage.
You can heal yourself by infusing magical energy.
You passively map a small area around you.
You do not regenerate.


Message History

The ogre hits you with a +0 giant spiked club!
A bullfrog comes into view.
You slash the ogre!
The ogre is moderately wounded.
The ogre barely misses you.
You slash the ogre!
The ogre is heavily wounded.
You block the ogre's attack. You block the bullfrog's attack.
You closely miss the ogre.
The ogre is heavily wounded.
You barely miss the bullfrog. You block the bullfrog's attack. x2
The ogre hits you with a +0 giant spiked club!
* * * LOW HITPOINT WARNING * * *
The bullfrog hits you.
* * * LOW HITPOINT WARNING * * *
You hit the ogre.
The ogre is severely wounded.
You closely miss the bullfrog. You block the bullfrog's attack.
The ogre hits you with a +0 giant spiked club!
You die...

......., * *## *
....... *,..., *
....... ######....
, .......
.....(...
.......###........
..........<.......
..........########
#>........#
##.....@..#
#....FO###
#.......*
#....#... *
#.....###. *#.....
##* #...###* ,
...# , , *


You could see an ogre and a bullfrog.

Vanquished Creatures
  An orc wizard (D:3)
  6 adders
  2 worms (D:2)
  3 dart slugs
  6 orcs (D:3)
  2 ball pythons
  9 bats
  3 giant cockroaches
  10 goblins
  10 hobgoblins
  4 jackals (D:1)
  6 kobolds
  7 frilled lizards
  7 rats
76 creatures vanquished.

Notes
Turn   | Place    | Note
-------+----------+-------------------------------------------
     0 | D:1      | somkeydreadnuts the Deep Dwarf Fighter began the quest for
                  | the Orb.
     0 | D:1      | Reached XP level 1. HP: 20/20 MP: 1/1
    50 | D:1      | Reached XP level 2. HP: 24/27 MP: 2/2
   254 | D:1      | Reached XP level 3. HP: 26/34 MP: 3/3
   713 | D:2      | Found a snail-covered altar of Cheibriados.
   775 | D:2      | Reached XP level 4. HP: 20/42 MP: 4/4
  1000 | D:2      | Found a white marble altar of Elyvilon.
  1076 | D:2      | Found a glowing golden altar of the Shining One.
  1076 | D:2      | Found a glowing silver altar of Zin.
  1077 | D:2      | Found a white marble altar of Elyvilon.
  1550 | D:3      | Reached XP level 5. HP: 39/49 MP: 5/5
  2043 | D:4      | Noticed an ogre
  2051 | D:4      | Mangled by an ogre

Illustrated notes

Levels and vault maps discovered:
D:1:      heliophobic_arrival_glass_houses, layout_rooms
D:2:      layout_rooms, good_gods_mini_temple, old_standard_altar,
          elyvilon_altar_4
D:3:      layout_loops_ring
D:4:      black_bear_nest_2, layout_layer_cave, minitemple,
          minmay_temple_entry_slanted, hangedman_decor_push

Skill      XL: |  1  2  3  4 |
---------------+-------------+-----
Fighting       | 3 |  3.3
Axes           | 3 |  3.3
Shields        | 4 |  4.6
Armour         | 4 |  4.5
Dodging        | |  0.2

Action                   |  1- 3 |  4- 6 || total
-------------------------+-------+-------++-------
Melee: War axe           |   114 |   107 ||   221
 Abil: Heal Wounds       |       |     1 ||     1
Armor: Scale mail        |    90 |    47 ||   137
Dodge: Dodged            |    54 |    28 ||    82
Block: Kite shield       |    98 |    69 ||   167

Table legend: (Time is in decaauts)
 A = Elapsed time spent in this place.
 B = Non-inter-level travel time spent in this place.
 C = Inter-level travel time spent in this place.
 D = Time resting spent in this place.
 E = Time spent auto-exploring this place.
 F = Levels seen in this place.
 G = Mean time per level.
                   A        B        C        D        E       F      G
               +--------+--------+--------+--------+--------+-----+--------+
         Total |   2148 |   2148 |      0 |      0 |   1203 |   4 |  537.0 |
       Dungeon |   2148 |   2148 |      0 |      0 |   1203 |   4 |  537.0 |
               +--------+--------+--------+--------+--------+-----+--------+

Top non-repeatable levels by time:
     D:2: 803 daAuts
     D:3: 784 daAuts
     D:1: 550 daAuts
     D:4: 10 daAuts
